Cogmind - Beta 15 @@@ ROGUE MODE // 2025.10.01 @ 00:10:11 Player: Figgis Result: Destroyed by G-73 Enforcer with Phase Gun Performance ------------- Evolutions (8) 4000 Regions Visited (15) 3000 Robots Destroyed (82) 410 Value Destroyed (2083) 2083 Prototype IDs (28) 560 Alien Tech Used (0) 0 Bonus (871) 871 TOTAL SCORE: 10924 Bonus ------- Follower Combat Kills 71 Registered with UFD 300 Met Optimus in HQ 500 Cogmind --------- Core Integrity 0/1450 Matter 177/300 Energy 98/100 System Corruption 0% Temperature Cool (0) Movement Core (50) Location -2/Quarantine Parts ------- > --- POWER (2) -------- (None) > --- PROPULSION (9) --- (None) > --- UTILITY (10) ----- (None) > --- WEAPON (2) ------- (None) > --- INVENTORY (5) ---- Advanced Reaction Control System Advanced Cloaking Device Gamma Bomb Array Gamma Bomb Array Peak State ------------ > --- POWER ------------ Enhanced Fission Core Light Antimatter Reactor > --- PROPULSION ------- Impulse Thruster Field Propulsion Array Q-thruster Electron Diverter Electron Diverter Impulse Thruster Array > --- UTILITY ---------- Experimental Heat Sink Medium Storage Unit Experimental Sensor Array Improved Signal Interpreter Advanced Cloaking Device Improved Propulsion Shielding Improved Hacking Suite Advanced Hacking Suite Experimental System Shield > --- WEAPON ----------- Centrium Greatsword > --- INVENTORY -------- Nuclear Pulse Thruster Field Propulsion Array Advanced Sensor Array Advanced Reaction Control System Advanced Cloaking Device Advanced Hardlight Generator Gamma Bomb Array Gamma Bomb Array DRS Beacon [Rating: 150] Favorites ----------- Power Ion Engine Engine Ion Engine Power Core Enhanced Fission Core Reactor Light Antimatter Reactor Propulsion Light Treads Treads Light Treads Leg Aluminum Leg Flight Unit Nuclear Pulse Thruster Utility Medium Storage Unit Device Improved Heat Sink Storage Medium Storage Unit Processor Improved Signal Interpreter Hackware Improved Hacking Suite Protection Improved Propulsion Shielding Weapon Light Cannon Energy Gun Particle Gun Ballistic Gun Gauss Rifle Ballistic Cannon Light Cannon Launcher Grenade Launcher Slashing Weapon Makeshift Sword Build | -11 -10 -10 -10 -9 -8 -7 -7 -7 -7 -5 -4 -4 -3 -2 -2 ------- Run | Yrd Mat Min Exi Min Mat Fac Sto Rec Scr Fac Fac Arm Res Res Qua Slots Evolved 16 | . . . . . 4 2 . . . 4 2 . 2 2 . Power 1 | . . . . . . . . . . 1 . . . . . Propulsion 7 | . . . . . 2 1 . . . 1 1 . 1 1 . Utility 8 | . . . . . 2 1 . . . 2 1 . 1 1 . Weapon . | . . . . . . . . . . . . . . . . Parts Attached 96 | 5 9 5 2 2 18 2 . . 8 14 7 4 9 11 . Power 11 | . 3 1 . . 2 . . . 1 1 . 1 . 2 . Engine 5 | . 2 1 . . 1 . . . 1 . . . . . . Core 3 | . 1 . . . 1 . . . . 1 . . . . . Reactor 3 | . . . . . . . . . . . . 1 . 2 . Propulsion 34 | 3 . 1 . 1 8 1 . . 2 5 3 . 5 5 . Treads 8 | 2 . 1 . 1 4 . . . . . . . . . . Leg 1 | 1 . . . . . . . . . . . . . . . Wheel . | . . . . . . . . . . . . . . . . Hover . | . . . . . . . . . . . . . . . . Flight 25 | . . . . . 4 1 . . 2 5 3 . 5 5 . Utility 34 | . 2 2 . 1 4 1 . . 4 7 4 1 4 4 . Device 16 | . 1 . . 1 2 . . . 1 3 1 1 2 4 . Storage 3 | . 1 2 . . . . . . . . . . . . . Processor 5 | . . . . . . 1 . . 1 2 1 . . . . Hackware 7 | . . . . . . . . . 2 2 2 . 1 . . Protection 3 | . . . . . 2 . . . . . . . 1 . . Artifact . | . . . . . . . . . . . . . . . . Weapon 17 | 2 4 1 2 . 4 . . . 1 1 . 2 . . . Energy Gun 3 | 1 2 . . . . . . . . . . . . . . Energy Cannon . | . . . . . . . . . . . . . . . . Ballistic Gun 5 | 1 . . 1 . 3 . . . . . . . . . . Ballistic Cannon 3 | . 2 1 . . . . . . . . . . . . . Launcher 3 | . . . 1 . . . . . 1 . . 1 . . . Special Weapon . | . . . . . . . . . . . . . . . . Impact Weapon . | . . . . . . . . . . . . . . . . Slashing Weapon 3 | . . . . . 1 . . . . 1 . 1 . . . Piercing Weapon . | . . . . . . . . . . . . . . . . Special Melee Weapon . | . . . . . . . . . . . . . . . . Unidentified Prototypes 12 | . . . . 1 3 . . . . 1 3 1 2 1 . Corrupted Parts 1 | . . . . . . . . . 1 . . . . . . System Corruption 1 | . . . . . . . . . 1 . . . . . . Parts Lost 41 | . 4 3 . . 2 3 . . . 1 4 . 11 13 . Power 7 | . 2 1 . . . 1 . . . . . . 2 1 . Propulsion 16 | . . 1 . . 1 1 . . . 1 2 . 2 8 . Utility 14 | . . . . . 1 1 . . . . 2 . 6 4 . Weapon 4 | . 2 1 . . . . . . . . . . 1 . . Highest Loss Streak 10 | . 3 1 . . 1 3 . . . 1 3 . 8 10 . To Critical Strikes . | . . . . . . . . . . . . . . . . Average Backups 8 | 3 5 7 9 10 9 7 7 9 9 8 8 8 8 6 4 Power . | 1 1 . . . . 1 . . . . . . . . . Propulsion 2 | 1 2 4 4 4 3 . . . . 1 1 1 1 1 . Utility 2 | . . . . 1 1 2 3 5 6 4 5 5 4 3 2 Weapon 2 | . 1 2 4 4 3 4 4 3 3 2 2 2 2 2 2 Tool/Special . | . . . . . . . . . . . . . . . . Unused Backups 22 | . 1 . . 1 8 . . 1 1 1 1 . 3 3 2 Power 1 | . . . . . . . . . . . . . . 1 . Propulsion 8 | . 1 . . . 6 . . . . . . . . 1 . Utility 7 | . . . . . . . . . . 1 1 . 3 1 1 Weapon 6 | . . . . 1 2 . . 1 1 . . . . . 1 Tool/Special . | . . . . . . . . . . . . . . . . Average Slot Usage (%) 83 | . 92 99 100 90 70 63 61 61 77 86 92 86 81 43 . Engine 7 | . 9 8 14 14 7 . 7 7 7 5 5 1 . . . Core 2 | . 3 5 . . 1 7 . . . 2 5 5 3 . . Treads 15 | . 27 27 28 28 22 . . . . . . . . . . Flight 12 | . . . . . 5 30 30 30 31 29 30 26 27 22 . Device 8 | . 8 14 14 5 1 6 . . 6 7 9 13 14 7 . Storage 9 | . 13 14 14 14 9 7 7 7 7 5 5 5 4 3 . Processor 3 | . . . . . . 2 7 7 14 10 9 5 4 3 . Hackware 3 | . . . . . . . . . . 14 14 15 12 . . Energy Gun 3 | . 14 11 . . . . . . . . . . . . . Ballistic Gun 3 | . 4 . 5 14 14 . . . . . . . . . . Ballistic Cannon 6 | . 8 16 19 14 . . . . . . . . . . . Slashing Weapon 2 | . . . . . 1 7 7 7 7 6 10 8 3 . . Peak Build Rating 150 | 4 12 12 14 20 25 30 20 21 45 86 104 122 150 114 3 Average Rating 38 | 1 9 10 11 12 17 25 20 20 29 74 94 114 138 88 3 On Entrance 34 | . 4 12 9 14 11 25 19 20 21 45 86 100 122 65 3 Naked Turns 257 | . . . . . . . . . . . . . . 2 255 Heaviest Build 54 | 3 17 32 23 23 32 18 17 17 28 35 35 43 47 54 . Greatest Support 80 | 3 40 40 40 40 80 23 18 18 25 37 47 47 62 68 3 Greatest Overweight (x) 1 | . 1 1 . . 1 . . . 1 . . . . . . Average Overweight (x) . | . . . . . . . . . . . . . . . . Largest Inventory Capacity 15 | 5 8 15 10 10 10 10 10 10 10 10 10 10 10 10 5 Average Capacity 9 | 5 7 9 10 10 10 10 10 10 10 10 10 10 10 9 5 Most Carried 10 | 5 8 9 10 10 10 9 8 10 10 10 10 10 10 10 5 Average Carried 8 | 3 5 7 9 9 9 7 7 9 9 9 9 9 9 8 4 Final Capacity 10 | 5 8 10 10 10 10 10 10 10 10 10 10 10 10 5 5 Final Carried 10 | 4 8 7 10 10 6 8 8 10 10 10 8 10 10 5 4 Class Distribution -------------------- 47% | Mutant 19% | Scavenger-Mutant 15% | Hacker-Sprinter 7% | Hacker-Scout 5% | Sprinter Dominant Class ---------------- Mutant | -10/Materials Mutant | -10/Mines Mutant | -10/Exiles Mutant | -9/Mines Scavenger-Mutant | -8/Materials Sprinter | -7/Factory Scavenger-Sprinter | -7/Storage Scavenger-Sprinter | -7/Recycling Scavenger-Mutant | -7/Scraptown Hacker-Sprinter | -5/Factory Hacker-Scout | -4/Factory Hacker-Sprinter | -4/Armory Hacker-Sprinter | -3/Research Sprinter | -2/Research Mutant | -2/Quarantine Resources | -11 -10 -10 -10 -9 -8 -7 -7 -7 -7 -5 -4 -4 -3 -2 -2 ----------- Run | Yrd Mat Min Exi Min Mat Fac Sto Rec Scr Fac Fac Arm Res Res Qua Matter Collected 2341 | 250 307 141 183 116 856 . . . 75 120 25 38 216 14 . Remotely . | . . . . . . . . . . . . . . . . Salvage Created 2701 | . 654 131 100 126 1400 89 . . . 73 25 38 65 . . Parts 143 | . 38 9 3 13 61 6 . . . 6 3 2 2 . . Haulers Intercepted 7 | . 2 . . . 4 1 . . . . . . . . . Recyclers Shooed 1 | . 1 . . . . . . . . . . . . . . Parts Field Recycled . | . . . . . . . . . . . . . . . . Retrieved Matter . | . . . . . . . . . . . . . . . . Parts Self-Destructed . | . . . . . . . . . . . . . . . . Prevented . | . . . . . . . . . . . . . . . . Kills | -11 -10 -10 -10 -9 -8 -7 -7 -7 -7 -5 -4 -4 -3 -2 -2 ------- Run | Yrd Mat Min Exi Min Mat Fac Sto Rec Scr Fac Fac Arm Res Res Qua Combat Hostiles Destroyed 50 | . 13 9 2 5 20 1 . . . . . . . . . Melee 1 | . . . . . . 1 . . . . . . . . . Guns 35 | . 9 3 . 3 20 . . . . . . . . . . Cannons 14 | . 4 6 2 2 . . . . . . . . . . . Classes Destroyed 13 | . 7 . 1 . 5 . . . . . . . . . . Worker 3 | . . . . . 3 . . . . . . . . . . Builder 3 | . 1 . . . 2 . . . . . . . . . . Tunneler 1 | . . . . . 1 . . . . . . . . . . Hauler 7 | . 2 . . . 4 1 . . . . . . . . . Recycler 1 | . 1 . . . . . . . . . . . . . . Operator 3 | . 1 . . . . . . . . . 1 . 1 . . Watcher 13 | . 3 . . . 5 . . . . 3 . 1 1 . . Swarmer 18 | . 3 7 . 5 3 . . . . . . . . . . Grunt 26 | . 10 2 1 1 11 1 . . . . . . . . . Brawler 1 | . . . . . 1 . . . . . . . . . . Duelist 1 | . . . . . 1 . . . . . . . . . . Sentry 3 | . . . . . 3 . . . . . . . . . . Hunter 2 | . . . 1 . 1 . . . . . . . . . . Best Kill Streak 6 | . 3 3 1 4 6 1 . . . 1 1 1 1 . . Combat Bots Only 6 | . 2 3 1 4 6 1 . . . . . . . . . Max Kills in Single Turn 2 | . 1 1 1 2 2 1 . . . 1 1 1 1 . . Gunslinging . | . . . . . . . . . . . . . . . . Exploded . | . . . . . . . . . . . . . . . . Melee 1 | . . . . . . 1 . . . . . . . . . Uniques/NPCs Destroyed . | . . . . . . . . . . . . . . . . Combat | -11 -10 -10 -10 -9 -8 -7 -7 -7 -7 -5 -4 -4 -3 -2 -2 -------- Run | Yrd Mat Min Exi Min Mat Fac Sto Rec Scr Fac Fac Arm Res Res Qua Hostile Shots Fired 638 | . 85 32 . 10 66 29 7 9 3 33 16 8 155 170 15 Missed 286 | . 23 12 . 2 18 11 5 4 3 19 8 3 88 84 6 Hits 352 | . 62 20 . 8 48 18 2 5 . 14 8 5 67 86 9 Melee 23 | . . . . . . . . . . . . . . 23 . Projectile 329 | . 62 20 . 8 48 18 2 5 . 14 8 5 67 63 9 AOE 1 | . . . . . . . . . . . . . . 1 . Critical Strikes 19 | . . . . . 2 1 . . . . . . 4 12 . Damage Taken 6999 | . 817 194 . 73 744 274 27 39 . 245 358 123 1572 2329 204 Core 2327 | . 97 42 . 10 52 133 27 28 . 33 66 . 387 1248 204 Absorbed by Shields . | . . . . . . . . . . . . . . . . Redirected to Shielding 115 | . . . . . . . . . . . . . 115 . . Regen/Repaired (Parts) 146 | . 117 . . . . . . . . . 29 . . . . Core Remaining (%) 80 | 100 . . . 40 90 . . . 73 96 . 94 70 . . Volleys Fired 198 | . 66 22 16 12 82 . . . . . . . . . . Largest 2 | . 2 2 2 2 2 . . . . . . . . . . Hottest 115 | . 115 95 60 58 53 . . . . . . . . . . Shots Fired 388 | . 126 43 31 24 164 . . . . . . . . . . Gun 287 | . 94 15 2 12 164 . . . . . . . . . . Cannon 98 | . 32 28 26 12 . . . . . . . . . . . Launcher 3 | . . . 3 . . . . . . . . . . . . Special . | . . . . . . . . . . . . . . . . Kinetic 309 | . 65 28 28 24 164 . . . . . . . . . . Thermal 76 | . 61 15 . . . . . . . . . . . . . Explosive 3 | . . . 3 . . . . . . . . . . . . Electromagnetic . | . . . . . . . . . . . . . . . . Robot Hit Streak 16 | . 16 11 4 5 13 . . . . . . . . . . Robot Miss Streak 5 | . 4 3 3 3 5 . . . . . . . . . . Penetration Max 1 | . . . . . 1 . . . . . . . . . . Secondary Targets 4 | . 1 . . . 3 . . . . . . . . . . Max Gunslinging Chain 1 | . 1 . . . 1 . . . . . . . . . . Shots Hit Robots 259 | . 80 27 11 13 106 8 . . . 5 3 2 4 . . Core Hits 119 | . 30 9 10 6 54 2 . . . 3 2 1 2 . . Critical Kills 2 | . . . . . 2 . . . . . . . . . . Critical Parts Destroyed 2 | . . . . . 2 . . . . . . . . . . Critical Strikes 10 | . 3 1 . . 4 1 . . . . 1 . . . . Burn 3 | . 3 . . . . . . . . . . . . . . Destroy 4 | . . . . . 4 . . . . . . . . . . Blast 1 | . . 1 . . . . . . . . . . . . . Sever 2 | . . . . . . 1 . . . . 1 . . . . Melee Attacks 189 | . . . . . 9 22 25 . 2 32 50 15 34 . . Impact . | . . . . . . . . . . . . . . . . Slashing 189 | . . . . . 9 22 25 . 2 32 50 15 34 . . Piercing . | . . . . . . . . . . . . . . . . Sneak Attacks 4 | . . . . . 2 1 . . . 1 . . . . . Combat Hostiles . | . . . . . . . . . . . . . . . . Follow-up Attacks 1 | . . . . . . . . . . . 1 . . . . Damage Inflicted 6013 | . 1194 446 477 164 2543 354 . . . 245 131 89 370 . . Guns 3292 | . 776 171 22 107 2216 . . . . . . . . . . Cannons 967 | . 418 275 217 57 . . . . . . . . . . . Explosions 238 | . . . 238 . . . . . . . . . . . . Melee 1513 | . . . . . 324 354 . . . 245 131 89 370 . . Ramming 3 | . . . . . 3 . . . . . . . . . . Kinetic 3578 | . 684 275 239 164 2216 . . . . . . . . . . Thermal 681 | . 510 171 . . . . . . . . . . . . . Explosive 238 | . . . 238 . . . . . . . . . . . . Electromagnetic . | . . . . . . . . . . . . . . . . Impact . | . . . . . . . . . . . . . . . . Slashing 1513 | . . . . . 324 354 . . . 245 131 89 370 . . Piercing . | . . . . . . . . . . . . . . . . Highest Corruption 10 | . . . . . . . . . 1 2 10 10 8 . . Average Corruption 5 | . . . . . . . . . 1 1 9 10 6 . . Corruption Purged 2 | . . . . . . . . . . 2 . . . . . Corruption Blocked . | . . . . . . . . . . . . . . . . Effects 26 | . . . . . . . . . . 5 3 14 4 . . Message Errors 9 | . . . . . . . . . . 2 1 5 1 . . Matter Fused 9 | . . . . . . . . . . 1 2 4 2 . . Heat Flow Errors 4 | . . . . . . . . . . 1 . 3 . . . Energy Discharges 2 | . . . . . . . . . . . . 2 . . . Parts Rejected 1 | . . . . . . . . . . . . . 1 . . Data Loss (minor) 1 | . . . . . . . . . . 1 . . . . . Overload Shots . | . . . . . . . . . . . . . . . . Overflow Damage 156 | . . 3 39 . . 16 . . . 36 . . 62 . . Projectiles 3 | . . 3 . . . . . . . . . . . . . Explosions 39 | . . . 39 . . . . . . . . . . . . Melee 114 | . . . . . . 16 . . . 36 . . 62 . . Knockbacks 10 | . 2 4 3 1 . . . . . . . . . . . Impact . | . . . . . . . . . . . . . . . . Kinetic 9 | . 2 4 2 1 . . . . . . . . . . . Secondary 1 | . . . 1 . . . . . . . . . . . . Self-Inflicted Damage . | . . . . . . . . . . . . . . . . Shots . | . . . . . . . . . . . . . . . . Rammed 2 | . . . . . 1 . . . . . . . . 1 . Targets Rammed 2 | . . . . . 1 . . . . . . . . 1 . Kicked . | . . . . . . . . . . . . . . . . Crushed . | . . . . . . . . . . . . . . . . Highest Temperature 225 | . 123 21 . . 46 3 . 3 16 179 90 225 8 102 . Average Temperature 25 | . 28 11 . . 9 3 . 3 7 86 24 86 6 38 . Received Heat Transfer 1032 | . 381 54 . 6 270 45 . 12 . 27 18 18 93 63 45 Siege Activations . | . . . . . . . . . . . . . . . . Martial Activations . | . . . . . . . . . . . . . . . . Shielding Activations . | . . . . . . . . . . . . . . . . Robots Disrupted . | . . . . . . . . . . . . . . . . Combat Hostiles . | . . . . . . . . . . . . . . . . Robots Corrupted . | . . . . . . . . . . . . . . . . Combat Hostiles . | . . . . . . . . . . . . . . . . Parts Fried . | . . . . . . . . . . . . . . . . Impact Corruptions . | . . . . . . . . . . . . . . . . Robots Melted . | . . . . . . . . . . . . . . . . Combat Hostiles . | . . . . . . . . . . . . . . . . Parts Melted 5 | . 4 1 . . . . . . . . . . . . . Heat Transferred 1986 | . 1579 407 . . . . . . . . . . . . . Parts Sabotaged . | . . . . . . . . . . . . . . . . Parts Stolen . | . . . . . . . . . . . . . . . . Parts Stripped . | . . . . . . . . . . . . . . . . Power Chain Reactions . | . . . . . . . . . . . . . . . . Alert | -11 -10 -10 -10 -9 -8 -7 -7 -7 -7 -5 -4 -4 -3 -2 -2 ------- Run | Yrd Mat Min Exi Min Mat Fac Sto Rec Scr Fac Fac Arm Res Res Qua Maximum Alert Level 1 | . . . . . 1 . . . . . . . . . . Low Security (%) 96 | 100 100 100 . 100 75 100 100 100 . 100 100 100 100 100 100 Level 1 3 | . . . . . 24 . . . . . . . . . . Level 2 . | . . . . . . . . . . . . . . . . Level 3 . | . . . . . . . . . . . . . . . . Level 4 . | . . . . . . . . . . . . . . . . Level 5 . | . . . . . . . . . . . . . . . . High Security . | . . . . . . . . . . . . . . . . Max Security . | . . . . . . . . . . . . . . . . Peak Influence 324 | . 107 147 . 195 324 136 36 15 . 84 97 86 75 45 19 Initial 136 | . . . . . 31 136 36 . . . 37 26 42 29 19 Average 40 | . 34 28 . 61 123 106 19 1 . 11 27 39 7 8 2 Influence Increases 2910 | . 457 319 51 263 643 44 2 40 . 239 215 267 235 135 . Destroy 0b10 Robot/C 1100 | . 260 200 40 180 400 20 . . . . . . . . . Destroy 0b10 Robot/NC 160 | . 40 . 5 . 75 5 . . . 15 5 5 10 . . Destroy Leader 240 | . 60 40 . 20 108 2 . . . 6 . 2 2 . . Allied During Kill 43 | . . 19 6 18 . . . . . . . . . . . Successful Hack 157 | . 21 . . . 26 . 2 10 . . 8 70 20 . . Disable Machine 120 | . 15 30 . . . . . . . . . 75 . . . Destroy Structure 145 | . 1 . . . 4 2 . . . 38 52 10 38 . . Partial Spotted 195 | . . . . . 15 . . . . 45 45 45 15 30 . Lose Combat Pursuer 750 | . 60 30 . 45 15 15 . 30 . 135 105 60 150 105 . Influence Decreases 2910 | . 457 230 123 197 425 265 82 35 5 161 238 242 263 152 35 Entered New Map 519 | . . . 89 17 52 165 44 . 5 . 41 29 38 23 16 Time Decay 2051 | . 433 210 34 180 351 70 32 35 . 143 185 150 140 69 19 Lost Part 261 | . 24 20 . . 20 30 . . . 10 12 . 85 60 . Lost Ally 2 | . . . . . 2 . . . . . . . . . . Purge Threat 77 | . . . . . . . 6 . . 8 . 63 . . . Squads Dispatched 40 | . 2 . . . 5 2 1 . . 9 7 2 6 5 1 Investigation 16 | . . . . . 1 1 1 . . 6 4 1 2 . . Extermination 8 | . . . . . . . . . . 1 2 1 2 2 . Reinforcement 11 | . 2 . . . 1 1 . . . 2 1 . 2 1 1 Assault 2 | . . . . . . . . . . . . . . 2 . Garrison 3 | . . . . . 3 . . . . . . . . . . Intercept . | . . . . . . . . . . . . . . . . Searches Triggered . | . . . . . . . . . . . . . . . . Construction Impeded . | . . . . . . . . . . . . . . . . Haulers Reinforced 2 | . . . . . . . . . . 2 . . . . . Active Scanning Responses . | . . . . . . . . . . . . . . . . Cargo Convoy Interrupts . | . . . . . . . . . . . . . . . . Stealth | -11 -10 -10 -10 -9 -8 -7 -7 -7 -7 -5 -4 -4 -3 -2 -2 --------- Run | Yrd Mat Min Exi Min Mat Fac Sto Rec Scr Fac Fac Arm Res Res Qua Distress Signals 15 | . 2 . . . 1 . 1 . . 2 1 . 4 4 . Communications Jammed . | . . . . . . . . . . . . . . . . Distress Signals . | . . . . . . . . . . . . . . . . Times Spotted 271 | . 22 11 . 12 30 8 6 4 3 24 25 8 42 69 7 Peak Tracking Total 29 | . 4 3 . 7 5 6 7 4 3 8 21 5 29 22 5 Tactical Retreats 35 | . 3 2 . 1 1 1 . 2 . 6 2 2 6 9 . Traps | -11 -10 -10 -10 -9 -8 -7 -7 -7 -7 -5 -4 -4 -3 -2 -2 ------- Run | Yrd Mat Min Exi Min Mat Fac Sto Rec Scr Fac Fac Arm Res Res Qua Traps Triggered 7 | . 2 . . . . 1 . . . 2 . . 1 1 . Indirectly . | . . . . . . . . . . . . . . . . Trap Hack Attempts . | . . . . . . . . . . . . . . . . Triggered . | . . . . . . . . . . . . . . . . Disarmed . | . . . . . . . . . . . . . . . . Reprogrammed . | . . . . . . . . . . . . . . . . Reused . | . . . . . . . . . . . . . . . . Traps Extracted . | . . . . . . . . . . . . . . . . Installed . | . . . . . . . . . . . . . . . . Triggered . | . . . . . . . . . . . . . . . . Machines | -11 -10 -10 -10 -9 -8 -7 -7 -7 -7 -5 -4 -4 -3 -2 -2 ---------- Run | Yrd Mat Min Exi Min Mat Fac Sto Rec Scr Fac Fac Arm Res Res Qua Machines Disabled 8 | . 1 2 . . . . . . . . . 5 . . . Max in Single Turn 1 | . 1 1 . . . . . . . . . 1 . . . Garrison Access 3 | . . . . . . . . . . 1 . . 1 1 . Machines Repaired . | . . . . . . . . . . . . . . . . Machines Dismantled . | . . . . . . . . . . . . . . . . Machines Sabotaged . | . . . . . . . . . . . . . . . . Overloaded Fab Kills . | . . . . . . . . . . . . . . . . Hacking | -11 -10 -10 -10 -9 -8 -7 -7 -7 -7 -5 -4 -4 -3 -2 -2 --------- Run | Yrd Mat Min Exi Min Mat Fac Sto Rec Scr Fac Fac Arm Res Res Qua Machines Accessed 66 | . 6 . 4 . 4 . 4 5 4 8 9 9 11 2 . Terminals 37 | . 5 . . . 4 . 4 4 . 3 4 7 5 1 . Fabricators 1 | . . . . . . . . . . . . 1 . . . Repair Stations 3 | . 1 . . . . . . . . . 1 . 1 . . Recycling Units 13 | . . . . . . . . 1 . 4 4 1 2 1 . Scanalyzers 1 | . . . . . . . . . . . . . 1 . . Garrison Access 3 | . . . . . . . . . . 1 . . 2 . . Total Hacks 221 | . 17 . 49 . 15 . 7 9 26 17 21 27 30 3 . Successful 139 | . 9 . 49 . 4 . 3 4 26 6 8 17 12 1 . Failed 82 | . 8 . . . 11 . 4 5 . 11 13 10 18 2 . Catastrophic 9 | . . . . . . . 1 2 . 3 1 . 1 1 . Database Lockouts . | . . . . . . . . . . . . . . . . Manual 84 | . 9 . . . 13 . 2 2 . 15 13 11 18 1 . Terminals 105 | . 13 . . . 15 . 7 8 . 7 12 25 17 1 . Fabricators 1 | . . . . . . . . . . . . 1 . . . Repair Stations 7 | . 4 . . . . . . . . . 2 . 1 . . Recycling Units 22 | . . . . . . . . 1 . 8 7 1 3 2 . Scanalyzers 3 | . . . . . . . . . . . . . 3 . . Garrison Access 8 | . . . . . . . . . . 2 . . 6 . . Terminal Hacks 112 | . 7 . 49 . 4 . 3 3 26 3 2 12 3 . . Record 75 | . . . 49 . . . . . 25 . . 1 . . . Part Schematic 1 | . . . . . . . . 1 . . . . . . . Robot Analysis 8 | . 4 . . . 3 . . . . . . 1 . . . Prototype ID Bank 4 | . 1 . . . . . . 1 . . 1 1 . . . Open Door 2 | . . . . . . . 2 . . . . . . . . Level Access Points 1 | . . . . . . . . . . . . 1 . . . Branch Access Points 4 | . 1 . . . 1 . . . . . . 1 1 . . Emergency Access Points 1 | . . . . . . . . . . . . 1 . . . Machine Index 1 | . . . . . . . . . . . . 1 . . . Recycling Unit Index 2 | . . . . . . . . . . 1 . 1 . . . Alert Level 1 | . . . . . . . . . . . . 1 . . . Unreport Threat 3 | . . . . . . . 1 . . 1 . 1 . . . Locate Traps 2 | . . . . . . . . . . . . 1 1 . . Maintenance Status 1 | . . . . . . . . 1 . . . . . . . Recall Investigation 2 | . . . . . . . . . . 1 . . 1 . . Recall Extermination 1 | . . . . . . . . . . . 1 . . . . Registered Prototypes 1 | . . . . . . . . . . . . 1 . . . Zone Layout 1 | . 1 . . . . . . . . . . . . . . Proto ID Catalog 1 | . . . . . . . . . 1 . . . . . . Fabricator Hacks 1 | . . . . . . . . . . . . 1 . . . Network Status 1 | . . . . . . . . . . . . 1 . . . Repair Station Hacks 4 | . 2 . . . . . . . . . 2 . . . . Scan Component 2 | . 1 . . . . . . . . . 1 . . . . Repair 2 | . 1 . . . . . . . . . 1 . . . . Recycling Unit Hacks 2 | . . . . . . . . 1 . . . . . 1 . Report Inventory 2 | . . . . . . . . 1 . . . . . 1 . Scanalyzer 2 | . . . . . . . . . . . . . 2 . . Insert Component 1 | . . . . . . . . . . . . . 1 . . Analyze 1 | . . . . . . . . . . . . . 1 . . Garrison Access Hacks 2 | . . . . . . . . . . 1 . . 1 . . Seal Access 2 | . . . . . . . . . . 1 . . 1 . . Unauthorized Hacks 16 | . . . . . . . . . . 2 4 4 6 . . Terminals 7 | . . . . . . . . . . . . 3 4 . . Assimilate 1 | . . . . . . . . . . . . 1 . . . Botnet 6 | . . . . . . . . . . . . 2 4 . . Fabricators . | . . . . . . . . . . . . . . . . Repair Stations . | . . . . . . . . . . . . . . . . Recycling Units 9 | . . . . . . . . . . 2 4 1 2 . . Fedlink 9 | . . . . . . . . . . 2 4 1 2 . . Scanalyzers . | . . . . . . . . . . . . . . . . Garrison Access . | . . . . . . . . . . . . . . . . Data Cores Recovered 2 | . . . . . . . . . . . 1 . 1 . . Used 1 | . . . . . . . . . . . . . 1 . . Hacking Detections 45 | . 6 . . . 4 . 3 4 . 5 7 6 8 2 . Full Trace Events 5 | . . . . . 1 . 1 . . 3 . . . . . Feedback Events 2 | . . . . . . . . . . 2 . . . . . Corruption 2 | . . . . . . . . . . 2 . . . . . Feedback Blocked . | . . . . . . . . . . . . . . . . Robot Schematics Acquired . | . . . . . . . . . . . . . . . . Robots Built . | . . . . . . . . . . . . . . . . Authchips . | . . . . . . . . . . . . . . . . Time . | . . . . . . . . . . . . . . . . Total Robot Build Rating . | . . . . . . . . . . . . . . . . Part Schematics Acquired 2 | . . . . . . . . 1 . . . . 1 . . Parts Built . | . . . . . . . . . . . . . . . . Authchips . | . . . . . . . . . . . . . . . . Time . | . . . . . . . . . . . . . . . . Total Part Build Rating . | . . . . . . . . . . . . . . . . Parts Repaired 2 | . 1 . . . . . . . . . 1 . . . . Time 48 | . 26 . . . . . . . . . 22 . . . . Parts Recycled . | . . . . . . . . . . . . . . . . Recycled Matter . | . . . . . . . . . . . . . . . . Retrieved Matter . | . . . . . . . . . . . . . . . . Retrieved Components . | . . . . . . . . . . . . . . . . Parts Scanalyzed 1 | . . . . . . . . . . . . . 1 . . Part Schematics Acquired 1 | . . . . . . . . . . . . . 1 . . Parts Damaged . | . . . . . . . . . . . . . . . . Bothacking | -11 -10 -10 -10 -9 -8 -7 -7 -7 -7 -5 -4 -4 -3 -2 -2 ------------ Run | Yrd Mat Min Exi Min Mat Fac Sto Rec Scr Fac Fac Arm Res Res Qua Used RIF Installer . | . . . . . . . . . . . . . . . . Robots Hacked . | . . . . . . . . . . . . . . . . Non-combat . | . . . . . . . . . . . . . . . . Combat . | . . . . . . . . . . . . . . . . Robot Hacks Applied . | . . . . . . . . . . . . . . . . Relay Couplers Released 1 | . . . . . . . . . . . . . . 1 . Machine Destruction 1 | . . . . . . . . . . . . . . 1 . Fabnet Peak Effective % . | . . . . . . . . . . . . . . . . Robots Rewired . | . . . . . . . . . . . . . . . . Allies Hacked . | . . . . . . . . . . . . . . . . Hacks Repelled . | . . . . . . . . . . . . . . . . Allies | -11 -10 -10 -10 -9 -8 -7 -7 -7 -7 -5 -4 -4 -3 -2 -2 -------- Run | Yrd Mat Min Exi Min Mat Fac Sto Rec Scr Fac Fac Arm Res Res Qua Total Allies 4 | . . 3 . . . . . . . . . 1 . . . Largest Group 3 | . . 3 3 3 1 . . . . . . 1 . . . Highest-Rated Group 40 | . . 40 40 40 16 . . . . . . 10 . . . Highest-Rated Ally 16 | . . 16 16 16 16 . . . . . . 10 . . . Total Orders 1 | . . . . . . . . . . . . 1 . . . STAY 1 | . . . . . . . . . . . . 1 . . . Ally Attacks 38 | . . 4 . 25 9 . . . . . . . . . . Total Damage 482 | . . 41 . 309 132 . . . . . . . . . . Kills 6 | . . 1 . 5 . . . . . . . . . . . Allies Corrupted . | . . . . . . . . . . . . . . . . Allies Melted . | . . . . . . . . . . . . . . . . Intel | -11 -10 -10 -10 -9 -8 -7 -7 -7 -7 -5 -4 -4 -3 -2 -2 ------- Run | Yrd Mat Min Exi Min Mat Fac Sto Rec Scr Fac Fac Arm Res Res Qua Active Infowar (turns) 2691 | . . . . . 40 99 . . . 669 595 311 707 270 . Sensors 2342 | . . . . . . . . . . 669 595 311 707 60 . Terrain 808 | . . . . . . . . . . 264 494 . . 50 . T.N.C. 21 | . . . . . . 21 . . . . . . . . . Cloaking 1096 | . . . . . 40 99 . . . . . 250 707 . . Jamming 2 | . . . . . . . . . . 2 . . . . . ECM 209 | . . . . . . . . . . . . . . 209 . Robot Analysis Total 7 | . 4 . . . 2 . . . . . . 1 . . . Derelict Logs Recovered 2 | . . 1 . 1 . . . . . . . . . . . Drone Launches . | . . . . . . . . . . . . . . . . Drone Recoveries . | . . . . . . . . . . . . . . . . Exploration | -11 -10 -10 -10 -9 -8 -7 -7 -7 -7 -5 -4 -4 -3 -2 -2 ------------- Run | Yrd Mat Min Exi Min Mat Fac Sto Rec Scr Fac Fac Arm Res Res Qua Turns Passed 9739 | 32 1359 1333 1058 760 982 149 84 147 911 675 595 311 759 329 255 Spaces Moved 11954 | 38 752 729 626 445 799 344 114 510 1241 1517 1013 784 2062 895 85 Core 218 | 38 92 . . . . . . . . . . . . 3 85 Treads 2788 | . 660 729 626 445 328 . . . . . . . . . . Legs . | . . . . . . . . . . . . . . . . Wheels . | . . . . . . . . . . . . . . . . Hover . | . . . . . . . . . . . . . . . . Flight 8948 | . . . . . 471 344 114 510 1241 1517 1013 784 2062 892 . Fastest Speed 19 | 50 50 160 160 160 28 25 28 28 25 25 23 23 20 19 50 Average Speed 62 | 50 146 160 160 160 82 27 28 28 71 27 25 26 25 27 50 Slowest Speed 240 | 50 160 240 160 160 160 28 28 28 103 32 28 27 37 50 50 Overloaded Moves 161 | . . . . . . . . . . . 7 83 71 . . Propulsion Burnouts . | . . . . . . . . . . . . . . . . Robots Hopped 76 | . . . . . 15 3 . 4 . 1 3 1 32 17 . Potential Cave-ins 7 | . . . . . . . . . . . 3 . 4 . . Cave-ins Triggered 2 | . . . . . . . . . . . 1 . 1 . . Exploration Rate (%) 52 | 3 98 98 91 92 49 11 25 89 89 44 21 41 50 29 17 Regions Visited 15 Branch Regions 8 Pre-discovered Areas 8 | . . 1 1 1 . . . . 4 1 . . . . . Known Exits Taken 7 | . 1 . . . . 1 . . 1 1 1 1 1 . . Unknown Exits Taken 8 | 1 . 1 1 1 1 . 1 1 . . . . . 1 . Scrap Searched 10 | . . 1 . 3 . . . . 6 . . . . . . Spaces Dug 90 | . . . . . 2 2 . . 2 20 32 6 26 . . Terrain Destroyed 105 | . . . 12 1 4 2 . . 2 20 32 6 26 . . Melee 90 | . . . . . 2 2 . . 2 20 32 6 26 . . Projectile 3 | . . . . 1 2 . . . . . . . . . . AOE 12 | . . . 12 . . . . . . . . . . . . Terrain Rammed . | . . . . . . . . . . . . . . . . Walls Destroyed . | . . . . . . . . . . . . . . . . Machines Disabled . | . . . . . . . . . . . . . . . . Actions | -11 -10 -10 -10 -9 -8 -7 -7 -7 -7 -5 -4 -4 -3 -2 -2 --------- Run | Yrd Mat Min Exi Min Mat Fac Sto Rec Scr Fac Fac Arm Res Res Qua Total 13515 | 49 882 847 651 471 965 371 140 509 1259 1746 1306 857 2200 964 298 Wait 972 | . 38 87 . 7 35 3 . . . 149 235 46 104 56 212 Move 11800 | 37 751 728 625 444 770 337 113 502 1240 1514 1006 781 2004 863 85 Hop 64 | . . . . . 13 3 . 3 . 1 3 1 25 15 . Pick Up 86 | 6 14 3 4 1 11 4 1 3 2 8 7 4 7 11 . Fast Attach 30 | 3 1 . . 1 7 . . . 6 6 . 2 3 1 . Attach 54 | 2 8 3 . . 7 2 1 . 2 5 7 . 4 13 . Detach 8 | . . . . 1 2 . . . 1 1 1 . 1 1 . Swap 32 | . 1 2 3 1 7 . . . 1 5 1 3 8 . . Drop 70 | 1 3 2 1 4 21 . . 1 5 9 3 5 10 4 1 Fire 198 | . 66 22 16 12 82 . . . . . . . . . . Melee 180 | . . . . . 9 22 25 . 2 30 43 15 34 . . Ram . | . . . . . . . . . . . . . . . . Kick . | . . . . . . . . . . . . . . . . Crush 1 | . . . . . 1 . . . . . . . . . . Escape Stasis 18 | . . . . . . . . . . 18 . . . . . Rewire 2 | . . . 2 . . . . . . . . . . . . Trap . | . . . . . . . . . . . . . . . . Miscellaneous . | . . . . . . . . . . . . . . . . Route ------- -11/Scrapyard -10/Materials (discovered 4 exits: [*Mat x3] / *Min) -10/Mines (discovered 3 exits: [*Mat x2] / *Exi) -10/Exiles -9/Mines (discovered 2 exits: *Mat x2) -8/Materials -7/Factory (discovered 2 exits: *Sto x2) -7/Storage -7/Recycling (discovered 2 exits: *Fac / *Scr) -7/Scraptown (discovered 2 exits: *Fac x2) -5/Factory (discovered 4 exits: *Fac x2 / *Upp x2) -4/Factory (discovered 4 exits: Res x2 / *Upp / *Arm) -4/Armory (discovered 2 exits: *Res x2) -3/Research (discovered 4 exits: *Res x2 / Tes x2) -2/Research -2/Quarantine History --------- Turn | Location | Event 6 | -11/Scrapyard | Discovered new exit (range 15) 33 | -11/Scrapyard | Entered Materials 34 | -10/Materials | Met a group of wandering Federalists 189 | -10/Materials | Discovered new exit (range 3) 321 | -10/Materials | Build established: Mutant 513 | -10/Materials | Lost 3 parts (1p2w) 671 | -10/Materials | Identified exit to Mines 835 | -10/Materials | Repaired Lgt. Treads 926 | -10/Materials | Discovered new exit (range 7) 1001 | -10/Materials | Discovered new exit (range 12) 1392 | -10/Materials | Entered Mines 1512 | -10/Mines | Discovered new exit (range 10) 2032 | -10/Mines | Discovered new exit (range 5) 2375 | -10/Mines | Assisted by bots powering up and referring to "LRC-V3" 2486 | -10/Mines | Core integrity fell below 50% 2496 | -10/Mines | Learned location of Mines (-9) 2534 | -10/Mines | Deemed a non-threat by the Exiles lab entrance 2719 | -10/Mines | Discovered new exit (range 5) 2725 | -10/Mines | Entered Exiles 2725 | -10/Exiles | Found Exiles lab destroyed 2725 | -10/Exiles | Accompanied by 3 allies 3243 | -10/Exiles | Learned location of Zion (-7) 3673 | -10/Exiles | Build established: Scavenger-Mutant 3767 | -10/Exiles | Discovered new exit (range 11) 3783 | -10/Exiles | Entered Mines 3783 | -9/Mines | Accompanied by 3 allies 3790 | -9/Mines | Met a Derelict bent on vengeance 3882 | -9/Mines | Received a Rocket Launcher from a helpful Derelict 4060 | -9/Mines | Found a damaged Exp. Sensor Array with a note attached 4067 | -9/Mines | Found Prototype Device 4067 | -9/Mines | Identified Exp. Sensor Array 4178 | -9/Mines | Discovered new exit (range 4) 4367 | -9/Mines | Build established: Mutant 4420 | -9/Mines | Discovered new exit (range 9) 4427 | -9/Mines | Learned location of Storage (-7) 4543 | -9/Mines | Entered Materials 4543 | -8/Materials | Accompanied by 1 ally 4543 | -8/Materials | Evolved 4 slots: Propulsion x2, Utility x2 5294 | -8/Materials | Garrison activated, responded to threat 5377 | -8/Materials | Discovered new exit (range 15) 5525 | -8/Materials | Entered Factory 5525 | -7/Factory | Evolved 2 slots: Propulsion x1, Utility x1 5526 | -7/Factory | Identified exit to Storage 5669 | -7/Factory | Discovered exit to Storage (range 7) 5674 | -7/Factory | Entered Storage 5703 | -7/Storage | Lost 3 parts (1p1n1u) 5757 | -7/Storage | Used back door to open Recycling access 5757 | -7/Storage | Discovered new exit (range 5) 5758 | -7/Storage | Entered Recycling 5835 | -7/Recycling | Discovered new exit (range 5) 5898 | -7/Recycling | Scanned before Scraplab entrance 5902 | -7/Recycling | Entered Scraplab 5904 | -7/Recycling | Discovered new exit (range 3) 5905 | -7/Recycling | Entered Scraptown 6011 | -7/Scraptown | Heard Great Nut preacher, LISTEN AND RECITE! 6102 | -7/Scraptown | Discovered new exit (range 11) 6170 | -7/Scraptown | Visited The Evicted 6193 | -7/Scraptown | Visited IN-MT5's Study 6210 | -7/Scraptown | Build established: Scavenger-Mutant 6230 | -7/Scraptown | Visited Awakened 6239 | -7/Scraptown | Visited Junk Repository 6284 | -7/Scraptown | Visited TADAMA 6298 | -7/Scraptown | Visited Science Testing Area 6592 | -7/Scraptown | Visited UFD Registry 6592 | -7/Scraptown | Registered with UFD as "Slugrigger" 6624 | -7/Scraptown | Visited Science Guys 6659 | -7/Scraptown | Visited DA-N13 Charitable Foundation 6665 | -7/Scraptown | Found DCF Scrap (26 items) 6682 | -7/Scraptown | Visited Observation Area 6718 | -7/Scraptown | Visited Chapter 10 6723 | -7/Scraptown | Visited Derelict Rescue Squad 6725 | -7/Scraptown | Found DRS Beacon 6731 | -7/Scraptown | Visited Scrap Suit Storage 6743 | -7/Scraptown | Visited Abandonware Association 6746 | -7/Scraptown | Learned abandonware demo "HACKBUD.EXE" 6753 | -7/Scraptown | Visited LU-1G1's Boring Crew 6785 | -7/Scraptown | Met Optimus 6785 | -7/Scraptown | Accepted into 0bPrime 6795 | -7/Scraptown | Visited Cartography Club 6801 | -7/Scraptown | Found Surveybot 17 Chip 6809 | -7/Scraptown | Learned location of Lower Caves (-6) 6809 | -7/Scraptown | Learned 8 Materials zone layouts 6809 | -7/Scraptown | Learned 20 Factory zone layouts 6809 | -7/Scraptown | Learned 8 Lower Caves zone layouts 6809 | -7/Scraptown | Learned 12 Lower Caves zone layouts 6809 | -7/Scraptown | Learned 12 Proximity Caves zone layouts 6809 | -7/Scraptown | Learned 24 Proximity Caves zone layouts 6809 | -7/Scraptown | Learned 4 Hub_04(d) zone layouts 6809 | -7/Scraptown | Learned 4 Armory zone layouts 6809 | -7/Scraptown | Learned location of 1 exit from Factory 6809 | -7/Scraptown | Learned location of 1 exit from Proximity Caves 6809 | -7/Scraptown | Identified exit to Factory 6810 | -7/Scraptown | Civil war broke out across Scraptown 6816 | -7/Scraptown | Entered Factory 6816 | -5/Factory | Evolved 4 slots: Power x1, Propulsion x1, Utility x2 6817 | -5/Factory | Identified exit to Factory 6878 | -5/Factory | Loaded intel: 8 recycling unit locations 7093 | -5/Factory | Assembled infested ambush trap array 7127 | -5/Factory | Build established: Hacker-Sprinter 7247 | -5/Factory | Discovered new exit (range 15) 7260 | -5/Factory | Identified exit to Upper Caves 7335 | -5/Factory | Discovered exit to Upper Caves (range 15) 7354 | -5/Factory | Learned location of Protoforge (-2) 7491 | -5/Factory | Entered another Factory area 7491 | -4/Factory | Evolved 2 slots: Propulsion x1, Utility x1 7492 | -4/Factory | Identified exit to Research 7531 | -4/Factory | Build established: Hacker-Scout 7549 | -4/Factory | Loaded intel: 8 recycling unit locations 7695 | -4/Factory | Repaired Xenon Bombardment Thruster 7706 | -4/Factory | Discovered new exit (range 8) 7707 | -4/Factory | Identified exit to Upper Caves 7727 | -4/Factory | Found Prototype Hackware 7985 | -4/Factory | Crushed by falling debris 8003 | -4/Factory | System corruption reached 10% 8016 | -4/Factory | Lost 3 parts (1n2u) 8082 | -4/Factory | Discovered new exit (range 11) 8086 | -4/Factory | Identified exit to Armory 8086 | -4/Factory | Entered Armory 8133 | -4/Armory | Found Unknown Launcher 8134 | -4/Armory | Identified Gamma Bomb Array 8137 | -4/Armory | Found Gamma Bomb Array 8206 | -4/Armory | Loaded intel: 2 recycling unit locations 8294 | -4/Armory | Build established: Hacker-Sprinter 8397 | -4/Armory | Entered Research 8397 | -3/Research | Evolved 2 slots: Propulsion x1, Utility x1 8398 | -3/Research | Identified exit to Testing 8412 | -3/Research | Identified Exp. System Shield 8705 | -3/Research | Discovered new exit (range 7) 8706 | -3/Research | Identified exit to Research 8766 | -3/Research | Spotted B-86 Titan 8772 | -3/Research | Loaded intel: 5 recycling unit locations 9032 | -3/Research | Spotted B-86 Titan 9057 | -3/Research | Crushed by falling debris 9088 | -3/Research | Lost 3 parts (3u) 9150 | -3/Research | Discovered exit to Research (range 15) 9156 | -3/Research | Entered another Research area 9156 | -2/Research | Evolved 2 slots: Propulsion x1, Utility x1 9184 | -2/Research | Lost 8 parts (2p2n3u1w) 9432 | -2/Research | Spotted B-90 Cyclops 9456 | -2/Research | Core integrity fell below 50% 9478 | -2/Research | Core integrity fell below 20% 9478 | -2/Research | Discovered new exit (range 15) 9485 | -2/Research | Entered Quarantine 9514 | -2/Quarantine | Lost 10 parts (1p6n3u) 9738 | -2/Quarantine | Build established: Mutant 9740 | -2/Quarantine | Destroyed by G-73 Enforcer with Phase Gun Last Messages --------------- 09466_ ALERT: Potential suspicious activity detected, Programmers report to Research Zone 5X. 09471_ U-05 Engineer lays Concrete. 09478_ EXIT=FOUND 09478_ R-10 Processor collects Faulty Diametric Drive. 09482_ Penetrated by Slug. 09482_ Slug penetrates C-57 Dissector. 09482_ C-57 Dissector destroyed. 09483_ Impulse Thruster Array destroyed. 09485_ Slug penetrates Wall. 09485_ Slammed into Y-72 Warden. LOCATION=UNKNOWN AMBIENT_HEAT=-20 GOAL=ESCAPE 09489_ Dropped DRS Beacon. 09706_ O-24 Administrator: "IFF HANDSHAKE FAILED. SECURING TERMINAL." 09712_ O-24 Administrator uses terminal to summon reinforcements. 09712_ ALERT: Hostiles spotted, dispatching reinforcements to Terminal Q006. 09712_ O-24 Administrator locks terminal. Map ----- +----------------------------------------------------+ | ?????????????????????????????????????????????????? | | ?????????????????????????????????????????????????? | | ?????????????????????????????????????????????????? | | ?????????????????????????????????????????????????? | | ?????????????????????????????????????????????????? | | ?????????????????????????????????????????????????? | | ?????????????????????????????????????????????????? | | ?????????????????????????????????????????????????? | | ?????????????????????????????????????????????????? | | ?????????????????????????????????????????????????? | | ????????????????????????? ?????????????????????? | | ????????????????????????? ##???????????????????? | | ?????????????##########?? ????????????????????? | | ????????????? #?? ????????????????????? | | ?????????????" #?? ????????????????????? | | ????????????"" #?? ????????????????????? | | ?????????#? "" #?? #????????????????????? | | ?????????# "" #?# #????????????????????? | | ?????????# " #?# #????????????????????? | | ?????????# "" #?# g #????????????????????? | | ?????????# "" #?# gA#????????????????????? | | ?????????# "" #?# #????????????????????? | | ?????????# " #?# ############?????????? | | ?????????# #?# u ????????? | | ?????????# #?# ????????? | | ?????????#####+#+########@ u R ????????? | | ?????????????# ###+##???????????????? | | ?????????????# ####### #????????????????????? | | ?????????????# #?????# #????????????????????? | | ?????????????# #?????# #????????????????????? | | ?????????????# #?????# #????????????????????? | | ?????????????# #?????# #????????????????????? | | ?????????????# #?????# #????????????????????? | | ?????????????# #????? ????????????????????? | | ?????????????# #????? T #???????????????????? | | ?????????????# #????? "" +???????????????????? | | ?????????????# #????? #???????????????????? | | ?????????????# #????? ? #???????????????????? | | ?????????????# #?????##?###???????????????????? | | ?????????????# #??????????????????????????????? | | ?????????????# ##########?????????????????????? | | ???????????? # # #?????????????????????? | | ??????? "/" # # """ "#?????????????????????? | | ??????? """ / + """ "#?????????????????????? | | ????# # # """ "#?????????????????????? | | ????# # #! T#?????????????????????? | | ????#####+#### # """ "#?????????????????????? | | ??????# #! """ "#?????????????????????? | | ??????# # """ "#?????????????????????? | | ??????# # #?????????????????????? | +----------------------------------------------------+ Best States ------------- Heat Dissipation 75 Energy Generation 45 Energy Capacity 600 Matter Stores 300 Matter Capacity 300 Sight Range 16 Robot Scan Range 20 Terrain Scan Range 20 Terrain Scan Density 1210 ECM Strength 2 Cloak Strength 4 Armor Coverage 225 Propulsion Shielding 66 Evasion (%) 66 Recoil Reduction 4 Offensive Hacking 26 Defensive Hacking 28 Authchip Count 2 Item Schematics ----------------- Disruptor Cannon | -7/Recycling | Hacked Q-thruster | -3/Research | Scanalyzed Robot Schematics ------------------ None Fabricated ------------ Nothing Repaired ---------- Lgt. Treads | 16% | -10/Materials Xenon Bombardment Thruster | 3% | -4/Factory Alien Tech Used ----------------- None Achievements -------------- Origins Challenges ------------ None Game ------ Seed NullArcInverter Manual? 0 Play Time 02:01:22 Cumulative 197.9 hours Start 2025.09.30 @ 21:49:20 End 2025.10.01 @ 00:10:11 Sessions 3 Manual Loads 0 Difficulty Rogue Special Mode None Game No. 317 Rogue 314 Adventurer 3 Explorer 0 Win Type - Total 1 Types 1/0/0/0/0/0/0/0/0/0 Lore% 65 Gallery% 60 Achievement% 48 Wizard Run 0 Options --------- Layout 0 ASCII 0 Keyboard 0 Movement Mouse Keybinds 0 Fullscreen 2 Font 18/SmallcapsGlow Map View 76x50 Zoom Use 0% Tactical HUD 1 Map Filters NONE Filters NONE Steam 1 RUN: 97d8863b-71b1-4b5f-8244-fe4372af4388